 Dungeon Crawl Stone Soup version 0.27.0-1-g7a089689b8 (webtiles) character file.

Game seed: 17858368733318620711

153 HungrySpirit the Skirmisher (level 5, 0/46 HPs)
             Began as a Mummy Abyssal Knight on Aug 1, 2021.
             Was a Believer of Lugonu.
             Slain by a goblin (1 damage)
             ... led by Robin
             ... on level 3 of the Dungeon.
             The game lasted 00:04:00 (3116 turns).

HungrySpirit the Skirmisher (Mummy Abyssal Knight)  Turns: 3116, Time: 00:04:02

Health: 0/46       AC:  7    Str: 16    XL:     5   Next: 12%
Magic:  6/6        EV:  7    Int: 11    God:    Lugonu [**....]
Gold:   74         SH:  7    Dex: 12    Spells: 4/4 levels left

rFire    x . .     SeeInvis .   a - +1 short sword
rCold    + . .     Faith    .   e - +0 kite shield
rNeg     + + +     Spirit   .   d - +0 ring mail
rPois    ∞         Reflect  .   h - +0 helmet
rElec    .         Harm     .   (no cloak)
rCorr    .         Rampage  .   f - +0 pair of gloves
Will     .....                  (no boots)
Stlth    +.........             (no amulet)
HPRegen  0.15/turn              (no ring)
MPRegen  0.10/turn              (no ring)

@: no status effects
A: cold resistance 1, negative energy resistance 3, torment resistance 2, heat
vulnerability 1, no potions
a: Renounce Religion, Depart the Abyss, Bend Space


You were on level 3 of the Dungeon.
You worshipped Lugonu.
Lugonu was pleased with you.
You visited 1 branch of the dungeon, and saw 3 of its levels.
You visited the Abyss 1 time.

You collected 74 gold pieces.

Inventory:

Hand Weapons
 a - a +1 short sword (weapon)
Missiles
 g - 10 poisoned darts (quivered)
Armour
 d - a +0 ring mail (worn)
 e - a +0 kite shield (worn)
 f - a +0 pair of gloves (worn)
 h - a +0 helmet (worn)
Scrolls
 b - 2 scrolls of amnesia {unknown}
 c - 2 scrolls of immolation {unknown}


   Skills:
 + Level 5.9 Fighting
 - Level 1.5 Short Blades
 - Level 1.5 Armour
 - Level 0.7 Dodging
 - Level 1.5 Invocations


You had 4 spell levels left.
You didn't know any spells.
Your spell library contained the following spells:

 Spells                   Type           Power      Damage    Failure   Level
 Corpse Rot               Necr/Air       N/A        N/A       100%        2
 Poisonous Vapours        Pois/Air       0%         N/A       100%        2
 Freezing Cloud           Conj/Ice/Air   0%         6-21      100%        5


Dungeon Overview and Level Annotations

Branches:
Dungeon (3/15)

Altars:

Shops:
D:2 =

Annotations:
D:3 Robin


Innate Abilities, Weirdness & Mutations

You are immune to poison.
Your flesh is cold resistant. (rC+)
You are immune to negative energy. (rN+++)
You are immune to unholy pain and torment.
You are vulnerable to heat. (rF-)
You do not drink.


Message History

You swing at nothing.
The goblin shoots a stone.
The stone barely misses you.
You swing at nothing.
The goblin shoots a stone.
You block the stone.
You swing at nothing.
The goblin shoots a stone.
The stone barely misses you.
The goblin shoots a stone.
The stone barely misses you.
You swing at nothing.
The goblin shoots a stone.
The stone hits you but does no damage.
You swing at nothing.
The goblin shoots a stone.
You block the stone.
You swing at nothing.
The goblin no longer looks unusually strong.
The goblin shoots a stone.
The stone hits you but does no damage.
You swing at nothing.
The goblin shoots a stone.
You block the stone.
The goblin shoots a stone.
You block the stone.
You swing at nothing.
The goblin shoots a stone.
The stone hits you.
You swing at nothing.
You hit the goblin.
You kill the goblin!
Lugonu accepts your kill. Robin throws the goblin at you!
You hit the goblin.
You kill the goblin!
Lugonu accepts your kill.
The hobgoblin shouts!
You hit Robin.
Robin is moderately wounded.
You hear a shout!
Robin hits you with a +1 short sword of distortion!
Space bends around you.
You hit Robin.
Robin is heavily wounded.
Robin hits you with a +1 short sword of distortion.
Space warps horribly around you!!
* * * LOW HITPOINT WARNING * * *
Robin throws the goblin at you! The goblin completely misses you.
You completely miss Robin.
Robin is heavily wounded.
The hobgoblin hits you.
* * * LOW HITPOINT WARNING * * *
You block Robin's attack.
The goblin hits you with a +1 dagger of venom.
You die... ........ gg .......# gg ## .......# #.####. .#.##### .g... .......#### .... #..###....###### #gg

#..#
####......###.#
#.(##
######.g##.#
#...# ##.@g.###
###.# ###g...#
# #.# #....# #
### ###...# #
#### # # # #


You could see Robin, a hobgoblin and a goblin.

Vanquished Creatures
  A bullfrog (D:3)
  An adder (D:2)
  2 worms (D:3)
  5 dart slugs
  An orc (D:3)
  5 bats
  7 endoplasms
  2 giant cockroaches (D:1)
  9 goblins
  8 hobgoblins
  3 jackals (D:2)
  4 kobolds
  2 quokkas
  6 ball pythons
  A frilled lizard (D:2)
  A rat (D:3)
58 creatures vanquished.

Notes
Turn   | Place    | Note
-------+----------+-------------------------------------------
     0 | Abyss:1  | HungrySpirit the Mummy Abyssal Knight began the quest for
                  | the Orb.
     0 | Abyss:1  | Reached XP level 1. HP: 18/18 MP: 2/2
    40 | Abyss:1  | Noticed a bone dragon
    40 | Abyss:1  | Noticed a worldbinder
    41 | D:1      | Escaped the Abyss
   255 | D:1      | Reached * piety under Lugonu
   267 | D:1      | Reached XP level 2. HP: 22/24 MP: 3/3
   680 | D:1      | Reached skill level 4 in Fighting
  1054 | D:2      | Reached XP level 3. HP: 27/30 MP: 4/4
  1096 | D:2      | Found Jiherph's Jewellery Shop.
  1341 | D:2      | Found a faded altar of an unknown god.
  1749 | D:3      | Reached ** piety under Lugonu
  1843 | D:2      | Reached XP level 4. HP: 17/38 MP: 5/5
  2025 | D:3      | Reached skill level 5 in Fighting
  2086 | D:3      | Noticed a bullfrog
  2096 | D:3      | Killed a bullfrog
  2166 | D:3      | Reached XP level 5. HP: 37/46 MP: 6/6
  3078 | D:3      | Noticed Robin
  3116 | D:3      | HP: 1/46 [hobgoblin[Robin] (4)]
  3116 | D:3      | Slain by a goblin

Illustrated notes

Levels and vault maps discovered:
D:1:      dpeg_arrival_rhombus, layout_loops_ring
D:2:      layout_loops_ring, serial_shops, nicolae_shop_trees,
          hellmonk_ecumenical_altar_lost_god, minmay_between
D:3:      layout_rooms, uniq_robin

Skill      XL: |  1  2  3  4 |
---------------+-------------+-----
Fighting       | 4 5 |  5.9
Short Blades   | |  1.5
Armour         | |  1.5
Dodging        | |  0.7
Invocations    | |  1.5

Action                   |  1- 3 |  4- 6 || total
-------------------------+-------+-------++-------
Melee: Short sword       |   170 |    85 ||   255
Invok: Depart the Abyss  |     1 |       ||     1
Armor: Leather armour    |     6 |       ||     6
       Ring mail         |    72 |    42 ||   114
Dodge: Dodged            |    70 |    26 ||    96
Block: Kite shield       |    46 |    26 ||    72
